woodfighter, neutral female human Healer ---- ################--------- |... --------------- #-------- #.(.%%...| |....u@ ------- |.............| #........| |...%...| |... # |..`..| |.............| #|.......| |.)%%...| |. # |.(...-#####|...%.....`...+`#########|.......| ##|.%.....| | # |.....| #..............| #|.......| # -----.--- # --|---- -|----------+-- #-------|- ### # # ########### # # # # % # # # # ### # # ### ## # # # # # # --|------------# # # # # ### ##-.}}}}........|# # # ### # # # |..}}..........# ### # # ----.- -.---### |..(}<........| # # ##.....| |...|# |...%.........| -.---# |....| |.*.|# --------------- |.%..# |.....#### |....# |*..| ------ ----- ----- woodfighter the Empiric Experience level: 5 Strength: 10 Dexterity: 8 Constitution: 14 Intelligence: 14 Wisdom: 14 Charisma: 17 Health: 0(35) Energy: 1(31) Def: 2 Gold: 818 Moves: 2318 Dungeon seed: 83sBUprXcUGMqEu7 Game ID: woodfighter_1502656270 Your Inventory: Coins $ - 818 gold pieces Weapons a - a +0 scalpel (weapon in hand) u - 11 +0 darts (in quiver) Armor e - an uncursed +1 pair of leather gloves (being worn) Comestibles k - 7 blessed eucalyptus leaves l - a blessed sprig of wolfsbane m - a blessed clove of garlic o - 6 uncursed apples L - an uncursed food ration S - 3 uncursed lembas wafers Scrolls B - 3 uncursed scrolls of scare monster E - a blessed scroll of destroy armor Potions K - an uncursed potion of water M - an uncursed potion of polymorph P - an uncursed potion of healing R - a cursed potion of sleeping Wands g - a wand of sleep (0:6) w - a wand of enlightenment (0:15) Tools b - an uncursed stethoscope q - an uncursed towel Spells and supernatural/magical abilities: Name Level Category Fail Memory h - healing 1 healing 0% 89% x - extra healing 3 healing 0% 89% S - stone to flesh 3 healing 16% 89% W - pray for help -- divine ? -- Your skills at the end: Miscellaneous Skills wands [Basic] Weapon Skills knife [Basic] dart [Basic] Spellcasting Skills healing spells [Basic] Final Attributes: You were devoutly aligned. You were poison resistant. You were stunned. You were telepathic. You were very stealthy. You are dead. Vanquished creatures: 2 bugbears a shrieker a violet fungus a gnome lord a gnomish wizard 3 elf zombies 4 floating eyes a kobold lord 2 kobold shamans a rabid rat a jitterbug 2 orc zombies a large kobold 3 geckos 3 hobgoblins 3 giant rats a red mold a gnome zombie 4 jackals a fox 2 kobolds 7 newts 3 goblins a sewer rat 5 grid bugs 2 bats a lichen a kobold zombie 59 creatures vanquished. Voluntary challenges: You did not adorn yourself with jewelry or accessories. You did not cause conflict. You were not invisible. You did not have reflection. You were not displaced. You were an atheist. You used a wielded weapon 153 times, starting on turn 33. You did not apply a unicorn horn. You did not use plumbed fixtures. You did not drink any magical draughts. You were illiterate. You never genocided any monsters. You never polymorphed an object. You never changed form. You used no wishes. You never split a pudding. You never wrote Elbereth's name. You never violated your personal moral code. Dungeon overview: The Dungeons of Doom: levels 1 to 6 Level 1 a fountain a long staircase Level 2 Level 3 (stash) Level 4 stairs to The Gnomish Mines Level 5 (locked box) <- You were here a throne Level 6 The Gnomish Mines: Level 5 stairs to The Dungeons of Doom History has recorded: On T:1 you entered the Dungeons of Doom to retrieve the Amulet of Yendor! On T:79 you reached level 2 of The Dungeons of Doom. On T:409 you advanced to experience level 2. On T:444 you reached level 3 of The Dungeons of Doom. On T:698 you advanced to experience level 3. On T:895 you reached level 4 of The Dungeons of Doom. On T:1421 you reached level 5 of The Dungeons of Doom. On T:1458 you advanced to experience level 4. On T:1595 you reached level 1 of The Gnomish Mines. On T:1835 you advanced to experience level 5. On T:2105 you reached level 6 of The Dungeons of Doom. Score breakdown: Gold: 0 ( 0 points) Experience: 5 levels ( 400 points) Exploration: 6 levels ( 150 points) Discoveries: 7 items ( 350 points) Variety of kills: 28 monsters ( 1400 points) Major goal: (nothing yet) ( 0 points) Survival: died (score multiplied by 3) Total score: 6900 Latest messages: The gnome king zaps himself with a wand of teleportation! You hear nothing special. You hear nothing special. You hear nothing special. You hear a hollow sound. This must be a secret door! This door is locked. Ouch! You bump into a door. You kick the door. KABOOM!! The door was booby-trapped! You stagger... The pony kicks! The pony bites! You whack the wall. Your scalpel vibrates violently! The pony kicks! You die... Final status: Goodbye woodfighter the Healer, killed by a pony... You died in The Dungeons of Doom on dungeon level 5 with 6900 points, and 818 pieces of gold, after 2318 moves. You were level 5 with a maximum of 35 hit points when you died.